 Dungeon Crawl Stone Soup version 0.27.1-33-g824d729ab1 (webtiles) character file.

Game seed: 15821716028241174633

3847 Karpo the Geomancer (level 10, -18/56 HPs)
             Began as a Gargoyle Earth Elementalist on Dec 29, 2021.
             Was a Believer of Vehumet.
             Demolished by a boulder beetle (53 damage)
             ... on level 8 of the Dungeon.
             The game lasted 00:52:16 (12495 turns).

Karpo the Geomancer (Gargoyle Earth Elementalist)  Turns: 12495, Time: 00:52:18

Health: -18/56     AC: 15    Str: 12    XL:     10   Next: 18%
Magic:  3/20       EV: 15    Int: 19    God:    Vehumet [**....]
Gold:   383        SH:  0    Dex: 10    Spells: 8/22 levels left

rFire    + . .     SeeInvis .   s - +3 flail (vorpal)
rCold    . . .     Faith    .   (no shield)
rNeg     + . .     Spirit   .   W - +1 robe {rF+}
rPois    ∞         Reflect  .   Q - +1 hat {Will+}
rElec    +         Harm     .   (no cloak)
rCorr    .         Rampage  .   (no gloves)
Will     +....                  (no boots)
Stlth    ++........             (no amulet)
HPRegen  0.18/turn              M - +4 ring of protection
MPRegen  0.17/turn              T - +4 ring of evasion

@: no status effects
A: sickness immunity, AC +7, negative energy resistance 1, electricity
resistance, torment resistance 1, petrification resistance
a: Renounce Religion


You were on level 8 of the Dungeon.
You worshipped Vehumet.
Vehumet was pleased with you.
You visited 2 branches of the dungeon, and saw 10 of its levels.

You collected 383 gold pieces.

Inventory:

Hand Weapons
 a - a +0 whip
 d - a +0 dagger
 f - a +0 club
 m - a +0 short sword of venom
 r - a +2 quarterstaff of chaos
 s - a +3 vorpal flail (weapon)
 t - a +0 mace
 x - a +0 trident
 F - a +2 dagger of flaming
 I - a +0 long sword
 R - a +2 whip of freezing
 V - a +2 scimitar of flaming
Missiles
 c - 182 stones
 E - 2 curare-tipped darts
 G - 8 poisoned darts
Armour
 b - a +1 robe
 v - a +2 chain mail of positive energy
 A - a +0 cloak
 Q - a +1 hat of willpower (worn)
 W - a +1 robe of fire resistance (worn)
Jewellery
 p - a +6 ring of strength
 B - a ring of fire
 J - a ring of see invisible
 M - a +4 ring of protection (left hand)
 P - a ring of protection from cold
 T - a +4 ring of evasion (right hand)
Wands
 k - a wand of paralysis (10)
 C - a wand of flame (9)
 N - a wand of digging (9)
 U - a wand of polymorph (11)
Scrolls
 h - 2 scrolls of teleportation
 i - a scroll of immolation
 l - a scroll of enchant weapon
 q - 4 scrolls of identify
 u - a scroll of enchant armour
 y - a scroll of amnesia
 K - 2 scrolls of fog
 O - a scroll of magic mapping
Potions
 e - 3 potions of invisibility {unknown}
 g - 2 potions of brilliance
 j - 2 potions of lignification {unknown}
 n - 2 potions of haste
 o - 3 potions of mutation {unknown}
 w - 2 potions of flight {unknown}
 z - 2 potions of heal wounds {unknown}
 D - a potion of resistance {unknown}
 H - a potion of might {unknown}
 L - a potion of berserk rage {unknown}
 S - a potion of magic {unknown}


   Skills:
 - Level 3.3 Fighting
 - Level 3.2 Maces & Flails
 - Level 1.5 Dodging
 - Level 2.1 Stealth
 + Level 6.8 Spellcasting
 + Level 7.0 Conjurations
 - Level 0.7 Transmutations
 + Level 5.9 Fire Magic
 + Level 9.3 Earth Magic


You had 8 spell levels left.
You knew the following spells:

 Your Spells              Type           Power      Damage    Failure   Level
a - Sandblast             Erth           84%        2d18      1%          1
b - Stone Arrow           Conj/Erth      74%        3d11      1%          3
c - Fireball              Conj/Fire      15%        3d8       21%         5
d - Bolt of Magma         Conj/Fire/Erth 17%        4d9       13%         5

Your spell library contained the following spells:

 Spells                   Type           Power      Damage    Failure   Level
 Searing Ray              Conj           66%        3d5       1%          2
 Magic Dart               Conj           100%       1d8       1%          1
 Passwall                 Tmut/Erth      20%        N/A       1%          2
 Inner Flame              Hex/Fire       17%        N/A       10%         3
 Corona                   Hex            6%         N/A       11%         1
 Mephitic Cloud           Conj/Pois/Air  15%        N/A       12%         3
 Petrify                  Tmut/Erth      25%        N/A       13%         4
 Call Imp                 Summ           6%         N/A       16%         2
 Ensorcelled Hibernation  Hex/Ice        12%        N/A       16%         2
 Hailstorm                Conj/Ice       19%        3d6       24%         4
 Call Canine Familiar     Summ           6%         N/A       30%         3
 Gell's Gravitas          Tloc           3%         N/A       30%         3
 Lesser Beckoning         Tloc           3%         N/A       30%         3
 Teleport Other           Tloc           6%         N/A       30%         3
 Tukima's Dance           Hex            6%         N/A       30%         3
 Ice Form                 Ice/Tmut       7%         N/A       65%         4
 Cause Fear               Hex            3%         N/A       71%         4
 Starburst                Conj/Fire      15%        6d6       73%         6
 Summon Forest            Summ/Tloc      3%         N/A       96%         5
 Summon Mana Viper        Hex/Summ       6%         N/A       96%         5
 Simulacrum               Ice/Necr       3%         N/A       100%        6
 Discord                  Hex            3%         N/A       100%        8
 Ignition                 Fire           14%        3d6       100%        8


Dungeon Overview and Level Annotations

Branches:
Dungeon (9/15)             Temple (1/1) D:7
   Lair: D:8-11         Orc: D:9-12

Altars:
Ashenzari
Dithmenos
Elyvilon
Fedhas
Gozag
Hepliaklqana
Kikubaaqudgha
Makhleb
Nemelex Xobeh
Okawaru
Qazlal
Ru
Trog
Uskayaw
Vehumet
Wu Jian
Xom
Yredelemnul
The Shining One

Shops:
D:1 (   D:2 ?

Annotations:
D:1 Terence


Innate Abilities, Weirdness & Mutations

You are immune to sickness and miasma.
Your stone body is resilient. (AC +7)
You are immune to poison.
You resist negative energy. (rN+)
You are resistant to electric shocks. (rElec)
You are resistant to unholy torment.
You are immune to petrification.


Message History

Aim: a boulder beetle (lightly wounded, 100% to hit)
The stone arrow hits the boulder beetle!!
The boulder beetle is moderately wounded.
The boulder beetle curls into a ball and begins rolling!
Casting: Stone Arrow (safe; 1% risk of failure)
Confirm with . or Enter, or press ? or * to list all spells.
Aiming: Stone Arrow (safe; 1% risk of failure)
Press: ? - help, Shift-Dir - straight line, f/p - boulder beetle
Aim: a boulder beetle (moderately wounded, rolling, 100% to hit)
The stone arrow hits the boulder beetle!
The boulder beetle is heavily wounded.
The boulder beetle closely misses you.
The boulder beetle stops rolling and uncurls.
Casting: Stone Arrow (safe; 1% risk of failure)
Confirm with . or Enter, or press ? or * to list all spells.
Aiming: Stone Arrow (safe; 1% risk of failure)
Press: ? - help, Shift-Dir - straight line, f/p - boulder beetle
Aim: a boulder beetle (heavily wounded, 100% to hit)
The stone arrow hits the boulder beetle!!
The boulder beetle is severely wounded.
The boulder beetle bites you!!
Casting: Stone Arrow (safe; 1% risk of failure)
Confirm with . or Enter, or press ? or * to list all spells.
Aiming: Stone Arrow (safe; 1% risk of failure)
Press: ? - help, Shift-Dir - straight line, f/p - boulder beetle
Aim: a boulder beetle (severely wounded, 100% to hit)
The stone arrow hits the boulder beetle!
The boulder beetle is almost dead.
The boulder beetle closely misses you.
The boulder beetle curls into a ball and begins rolling!
Casting: Stone Arrow (safe; 1% risk of failure)
Confirm with . or Enter, or press ? or * to list all spells.
Aiming: Stone Arrow (safe; 1% risk of failure)
Press: ? - help, Shift-Dir - straight line, f/p - boulder beetle
Aim: a boulder beetle (almost dead, rolling, 100% to hit)
The stone arrow hits the boulder beetle.
The boulder beetle is almost dead.
The boulder beetle hits you!!!
Ouch! That really hurt!
You die...

#<#..##.#....##...
#.#..##.#..####...
####..#.....##.....
#.....####.###.....
#.##.......# #.....
#.########## #.....
#..○..# ####'#
#.B...###########.#
#.@................
##......#########..
#......# #..
###....# #.. #....#
### #....# #....#
#....########
#...........#


You could see a boulder beetle (rolling).

Vanquished Creatures
  Erica (D:9)
  Pikel (D:7)
  A wraith (D:8)
  2 water moccasins (D:8)
  2 black bears
  3 ice beasts
  A necrophage (D:6)
  2 ogres
  4 centaurs
  A bullfrog (D:6)
  A wyvern zombie (D:8)
  A scorpion (D:4)
  A water moccasin zombie (D:5)
  A water moccasin skeleton (D:5)
  A centaur zombie (D:4)
  3 jellies
  8 hounds
  An orc priest (D:7)
  2 bullfrog skeletons
  Crazy Yiuf (D:2)
  4 iguanas
  9 orc wizards
  A scorpion zombie (D:5)
  2 hound skeletons
  9 adders
  A shadow imp (D:7)
  2 white imps
  An ufetubus (D:6)
  A worm (D:3)
  A dart slug (D:3)
  12 orcs
  6 ball pythons
  11 endoplasms
  10 goblins
  7 hobgoblins
  3 jackals
  7 kobolds
  3 quokkas
  6 bats
  6 rats
140 creatures vanquished.

Vanquished Creatures (others)
  A butterfly (D:8)
  A fungus (D:4)
  2 plants (D:4)
4 creatures vanquished.

Grand Total: 144 creatures vanquished

Notes
Turn   | Place    | Note
-------+----------+-------------------------------------------
     0 | D:1      | Karpo the Gargoyle Earth Elementalist began the quest for
                  | the Orb.
     0 | D:1      | Reached XP level 1. HP: 10/10 MP: 3/3
     3 | D:1      | Found Meschoj's Weapon Shop.
   310 | D:1      | Reached XP level 2. HP: 15/15 MP: 3/5
   374 | D:1      | Reached skill level 4 in Earth Magic
  1410 | D:1      | Reached XP level 3. HP: 19/19 MP: 6/6
  2080 | D:2      | Found a faded altar of an unknown god.
  2453 | D:2      | Reached XP level 4. HP: 14/24 MP: 8/8
  2457 | D:2      | Learned a level 3 spell: Stone Arrow
  2567 | D:2      | Noticed Terence
  2849 | D:2      | Reached skill level 5 in Earth Magic
  3099 | D:2      | Found a runed translucent door.
  3100 | D:2      | Noticed Crazy Yiuf
  3105 | D:2      | Killed Crazy Yiuf
  3106 | D:2      | Reached skill level 1 in Conjurations
  3451 | D:2      | Reached XP level 5. HP: 6/28 MP: 2/10
  3712 | D:2      | Found Ynonuz's Magic Scroll Emporium.
  4234 | D:3      | Found a burning altar of Makhleb.
  4234 | D:3      | Found a radiant altar of Vehumet.
  4235 | D:3      | Found a hazy altar of Hepliaklqana.
  4236 | D:3      | Found a hide-covered altar of Uskayaw.
  4236 | D:3      | Found an ancient bone altar of Kikubaaqudgha.
  4236 | D:3      | Found a shimmering altar of Xom.
  4237 | D:3      | Found a sparkling altar of Nemelex Xobeh.
  4242 | D:3      | Became a worshipper of Vehumet
  4852 | D:5      | Entered Level 5 of the Dungeon
  5195 | D:4      | Reached * piety under Vehumet
  5195 | D:4      | Offered knowledge of Foxfire by Vehumet.
  5299 | D:4      | Reached XP level 6. HP: 32/32 MP: 6/12
  5400 | D:4      | Reached skill level 6 in Earth Magic
  5571 | D:4      | Learned a level 5 spell: Fireball
  5686 | D:4      | Found a broken altar of Ashenzari.
  5690 | D:4      | Saw a vision of the Swamp and the Spider Nest.
  5690 | D:4      | Noticed a redback
  5690 | D:4      | Noticed a swamp drake
  5690 | D:4      | Noticed a swamp drake
  5690 | D:4      | Noticed an alligator
  5690 | D:4      | Noticed a goliath frog
  5690 | D:4      | Noticed a goliath frog
  5690 | D:4      | Noticed a swamp drake
  5691 | D:4      | Noticed a wolf spider
  5691 | D:4      | Noticed a redback
  5691 | D:4      | Noticed an alligator
  5784 | D:4      | Reached skill level 1 in Fire Magic
  5784 | D:4      | Reached XP level 7. HP: 36/36 MP: 8/13
  6252 | D:5      | Reached skill level 1 in Fighting
  6252 | D:5      | Reached skill level 1 in Maces & Flails
  7119 | D:5      | Reached XP level 8. HP: 38/44 MP: 15/15
  7587 | D:5      | Reached skill level 7 in Earth Magic
  7723 | D:5      | Reached skill level 5 in Spellcasting
  8768 | D:6      | Got the Handbook of Supportive Stones
  8775 | D:6      | Learned a level 5 spell: Bolt of Magma
  8807 | D:7      | Reached skill level 5 in Conjurations
  8946 | D:6      | Reached ** piety under Vehumet
  8946 | D:6      | Offered knowledge of Searing Ray by Vehumet.
  9011 | D:6      | Reached XP level 9. HP: 51/51 MP: 14/17
  9483 | D:7      | Noticed Pikel
  9489 | D:7      | Killed Pikel
  9490 | D:7      | Reached skill level 8 in Earth Magic
  9575 | D:7      | Found a staircase to the Ecumenical Temple.
  9742 | Temple   | Entered the Ecumenical Temple
 10779 | D:8      | Reached skill level 5 in Fire Magic
 10959 | D:9      | Noticed a troll
 11137 | D:8      | Found a white marble altar of Elyvilon.
 11719 | D:8      | Noticed a boulder beetle
 12082 | D:9      | Noticed Erica
 12235 | D:9      | Killed Erica
 12236 | D:9      | Reached skill level 9 in Earth Magic
 12236 | D:9      | Reached XP level 10. HP: 33/56 MP: 4/20
 12495 | D:8      | Demolished by a boulder beetle

Illustrated notes

Levels and vault maps discovered:
D:1:      giann_horns, layout_loops_cross, serial_shops, nicolae_shop_stone
D:2:      layout_basic, serial_shops, nicolae_lakefront_shop,
          basic_ecumenical_altar, uniq_crazy_yiuf_cottage, uniq_terence
D:3:      layout_basic, grunt_temple_overflow_open,
          minmay_randomly_rotated_circles
D:4:      layout_gridville, grunt_ashenzari_visionary
          [grunt_ashenzari_visionary_swamp, grunt_ashenzari_visionary_spider]
D:5:      layout_basic, minmay_a_box_with_orc_wizards_in_it
D:6:      layout_basic, minivault_10
D:7:      layout_gridville, minmay_temple_entry_drinking_statues, uniq_pikel
D:8:      layout_basic, nicolae_elyvilon_peaceful_grove
D:9:      layout_small_grid, mainiacjoe_overflow_boulevard,
          mainiacjoe_overflow_surrounded_room, lair_entry_dummy,
          hiddenorc2_lemuel, minmay_crystal_water, minmay_hedge_maze,
          uniq_erica, uniq_prince_ribbit1, uniq_harold
Temple:   chequers_temple_sunken

Skill      XL: |  1  2  3  4  5  6  7  8  9 |
---------------+----------------------------+-----
Earth Magic    | 4 5 6 7 9 |  9.3
Spellcasting   | 3 4 5 6 |  6.8
Conjurations   | 1 2 3 4 5 7 |  7.0
Fire Magic     | 1 2 3 5 |  5.9
Fighting       | 1 3 |  3.3
Maces & Flails | 1 3 |  3.2
Dodging        | |  1.5
Stealth        | |  2.1
Transmutations | |  0.7

Action                   |  1- 3 |  4- 6 |  7- 9 | 10-12 || total
-------------------------+-------+-------+-------+-------++-------
Melee: Whip              |    75 |       |       |       ||    75
       Short sword       |    27 |   119 |     7 |       ||   153
       Mace              |       |       |    86 |       ||    86
       Flail             |       |       |   101 |       ||   101
 Cast: Sandblast         |    16 |    26 |    44 |       ||    86
       Stone Arrow       |       |     5 |    48 |     7 ||    60
       Bolt of Magma     |       |       |     1 |       ||     1
  Use: Scroll            |       |       |    12 |       ||    12
 Stab: Sleeping          |     4 |     3 |     1 |       ||     8
Armor: Robe              |    26 |    52 |   155 |       ||   233
Dodge: Dodged            |    64 |    93 |   167 |     2 ||   326
